Map: Divergence LE

Players

Massa - Winner!

  • Race: Terran Terran
  • League: Gold
  • Spawn Location: 11:00

qqq - Winner!

  • Race: Zerg Zerg
  • League: Platinum
  • Spawn Location: 11:00

FulaFesken

  • Race: Zerg Zerg
  • League: Platinum
  • Spawn Location: 5:00

Golle

  • Race: Zerg Zerg
  • League: Gold
  • Spawn Location: 5:00

VOD

Have the link to the VOD?

Description

Time

  • Played on: May 6, 2020, 2:29 p.m.
  • Length: 4:04
Show
View Real Time Build Order
Export as new Build Order

Massa Terran - Winner!

Build Orders:  

Get SALT Encoding   

  12  0:13  SCV, Supply Depot  
  13  0:25  SCV  
  14  0:35  Barracks  
  14  0:37  SCV  
  15  0:49  SCV  
  16  0:51  Supply Depot  
  16  1:01  SCV  
  17  1:10  Barracks  
  17  1:13  SCV  
  18  1:22  Barracks  
  18  1:29  Marine  
  19  1:35  Barracks  
  19  1:38  SCV  
  20  1:47  Marine  
  21  1:56  Refinery, Orbital Command  
  21  2:00  Marine  
  22  2:12  Marine x2  
  24  2:17  Marine  
  25  2:25  Marine  
  25  2:28  SCV  
  27  2:30  Marine x2  
  27  2:35  Marine  
  30  2:37  Supply Depot  
  30  2:44  Marine  
  31  2:53  Supply Depot  
  31  2:59  Marine x3  
  31  3:02  Marine  
  35  3:16  Marine x3, Supply Depot  
  38  3:22  Marine  
  39  3:34  Marine x3  
  39  3:39  Factory  
  39  3:40  Marine  
Show
View Real Time Build Order
Export as new Build Order

qqq Zerg - Winner!

Build Orders: Hatch First 

Get SALT Encoding   

  12  0:02  Drone  
  13  0:10  Drone  
  14  0:38  Hatchery  
  13  0:51  Spawning Pool  
  13  0:54  Drone  
  13  0:57  Extractor  
  12  1:06  Overlord  
  12  1:10  Drone  
  13  1:14  Drone  
  14  1:28  Drone  
  14  1:29  Drone  
  16  1:39  Zergling x2  
  17  1:50  Zergling x2  
  17  1:52  Drone  
  17  1:53  Queen  
  21  2:00  Metabolic Boost  
  21  2:04  Zergling x2  
  22  2:09  Zergling x2  
  22  2:15  Overlord  
  23  2:29  Zergling x2, Baneling Nest  
  23  2:30  Zergling x2  
  23  2:34  Zergling x2  
  25  2:40  Zergling x2  
  25  2:41  Zergling x2  
  27  2:49  Zergling x2  
  27  2:50  Zergling x2  
  29  2:54  Zergling x2  
  30  3:02  Overlord  
  30  3:15  Baneling x3  
  30  3:25  Zergling x4  
  30  3:26  Zergling x4  
  34  3:29  Zergling x2  
  33  3:46  Zergling x4  
  33  3:47  Zergling x2  
Show
View Real Time Build Order
Export as new Build Order

FulaFesken Zerg 

Build Orders: Hatch First 

Get SALT Encoding   

  12  0:01  Drone  
  13  0:12  Overlord  
  13  0:17  Drone  
  14  0:35  Overlord  
  14  0:36  Drone  
  14  0:37  Drone  
  16  1:00  Hatchery  
  16  1:01  Drone  
  16  1:04  Drone  
  16  1:10  Extractor  
  16  1:31  Drone x3  
  19  1:45  Overlord  
  19  2:06  Spawning Pool  
  18  2:12  Drone x3  
  21  2:18  Drone  
  22  2:38  Drone x4  
  26  2:49  Extractor  
  25  2:57  Zergling x2  
  26  2:59  Zergling x2  
  26  3:01  Zergling x4  
  29  3:08  Queen  
  32  3:31  Zergling x6  
  32  3:32  Baneling Nest  
Show
View Real Time Build Order
Export as new Build Order

Golle Zerg 

Build Orders: Hatch First 

Get SALT Encoding   

  12  0:02  Drone  
  13  0:12  Overlord  
  13  0:18  Drone  
  14  0:31  Drone x2  
  16  0:39  Drone  
  17  0:58  Hatchery, Extractor  
  17  1:00  Drone  
  17  1:01  Drone  
  17  1:19  Spawning Pool  
  17  1:22  Drone  
  17  1:24  Drone  
  18  1:29  Drone  
  19  1:39  Overlord  
  19  2:06  Metabolic Boost  
  19  2:07  Queen  
  21  2:09  Drone x2  
  21  2:12  Zergling x4  
  25  2:17  Queen  
  27  2:24  Overlord  
  27  2:28  Drone  
  28  2:33  Drone  
  28  2:35  Drone  
  30  2:44  Drone  
  30  2:45  Drone  
  30  2:50  Queen  
  34  2:58  Zergling x2  
  34  2:59  Zergling x2  
  36  3:06  Spine Crawler  
  36  3:08  Zergling x4  
  37  3:13  Queen  
  39  3:21  Zergling x6  
  39  3:25  Overlord  
  42  3:32  Zergling x4  
Tags
 
Add a new tag
Caveats
  • Supply blocks, unpowered buildings, or Contaminate may cause inaccurate times.
  • Supply counts are checked every 10 seconds.